 Dungeon Crawl Stone Soup version 0.29-a0-352-g0917bc69df (webtiles) character file.

Game seed: 4318543313882472808

1432 spaghetti the Firebug (level 8, 0/73 HPs)
             Began as a Gnoll Wanderer on Apr 24, 2022.
             Slain by a killer bee (9 damage)
             ... on level 6 of the Dungeon.
             The game lasted 00:07:37 (4873 turns).

spaghetti the Firebug (Gnoll Wanderer)              Turns: 4873, Time: 00:07:37

Health: 0/73       AC:  2    Str:  8 (10) XL:     8   Next: 73%
Magic:  14/14      EV: 13    Int: 11 (13) God:
Gold:   231        SH:  5    Dex: 16 (17) Spells: 15/16 levels left

rFire   . . .      SeeInvis .   l - +6 glaive of Fee Simple {spect, Dex+3, polearm}
rCold   . . .      Faith    .   (shield currently unavailable)
rNeg    . . .      Spirit   .   d - +0 robe
rPois   .          Reflect  +   (no helmet)
rElec   .          Harm     .   (no cloak)
rCorr   .          Rampage  .   (no gloves)
Will    .....                   (no boots)
Stlth   +++.......              h - amulet of reflection
HPRegen 0.22/turn               (no ring)
MPRegen 0.14/turn               (no ring)

@: about to teleport
A: fangs 1, strong nose, distributed training, robust 1, wild magic 1
a: no special abilities


You were on level 6 of the Dungeon.
You visited 1 branch of the dungeon, and saw 6 of its levels.

You collected 231 gold pieces.


Innate Abilities, Weirdness & Mutations

You have very sharp teeth.
Your uncanny sense of smell can sniff out nearby items.
Your experience applies equally to all skills.
You are robust. (+10% HP)
Your spells are a little harder to cast, but a little more powerful.


   Skills:
 + Level 7.5 Fighting
 + Level 3.5 Short Blades
 + Level 3.5 Long Blades
 + Level 3.5 Axes
 + Level 3.5 Maces & Flails
 + Level 3.5 Polearms
 + Level 3.5 Staves
 + Level 3.5 Slings
 + Level 3.5 Bows
 + Level 3.5 Crossbows
 + Level 4.4 Throwing
 + Level 4.4 Armour
 + Level 3.5 Dodging
 + Level 3.5 Stealth
 + Level 3.5 Shields
 + Level 3.5 Unarmed Combat
 + Level 4.5 Spellcasting
 + Level 2.9 Conjurations
 + Level 2.9 Hexes
 + Level 2.9 Summonings
 + Level 2.9 Necromancy
 + Level 2.9 Translocations
 + Level 2.9 Transmutations
 + Level 7.7 Fire Magic
 + Level 2.9 Ice Magic
 + Level 2.9 Air Magic
 + Level 2.9 Earth Magic
 + Level 2.9 Poison Magic
 + Level 3.9 Invocations
 + Level 3.5 Evocations


You had 15 spell levels left.
You knew the following spells:

 Your Spells              Type           Power      Damage    Failure   Level
a - Foxfire               Conj/Fire      72%        2x1d7     4%          1

Your spell library contained the following spells:

 Spells                   Type           Power      Damage    Failure   Level
 Conjure Flame            Conj/Fire      18%        6-21      12%         3
 Static Discharge         Conj/Air       11%        N/A       16%         2
 Ignite Poison            Fire/Tmut/Pois 16%        N/A       16%         3
 Lightning Bolt           Conj/Air       5%         1d17      92%         5
 Summon Forest            Summ/Tloc      5%         N/A       92%         5
 Summon Mana Viper        Hex/Summ       11%        N/A       92%         5
 Summon Cactus Giant      Summ           5%         N/A       100%        6
 Maxwell's Capacitive Co  Air            5%         โˆž       100%        8

Inventory:

Hand Weapons
 a - a +0 dagger {short}
 l - the +6 glaive of Fee Simple (weapon) {spect, Dex+3, polearm}
   (You found it on level 2 of the Dungeon)

   When its wielder attacks, the weapon's spirit leaps out and strikes again.
   The spirit shares a part of any damage it takes with its wielder.
   Dex:       It affects your dexterity (+3).
Missiles
 c - 6 poisoned darts {throwing}
 g - 253 stones {throwing}
 k - 2 boomerangs of dispersal {=f!fthrowing}
 v - 5 boomerangs {throwing}
 D - a curare-tipped dart {=fthrowing}
Armour
 d - a +0 robe (worn)
 m - a +0 pair of boots
   (You found it on level 2 of the Dungeon)
 n - a +0 plate armour
   (You found it on level 2 of the Dungeon)
Jewellery
 h - an amulet of reflection (around neck)
   (You found it on level 1 of the Dungeon)
 E - an amulet of magic regeneration {@e2}
   (You found it on level 6 of the Dungeon)
Wands
 s - a wand of flame (23)
   (You took it off Ijyb on level 3 of the Dungeon)
 z - a wand of acid (8)
   (You found it on level 4 of the Dungeon)
 C - a wand of mindburst (17)
   (You found it on level 5 of the Dungeon)
Scrolls
 b - 5 scrolls of teleportation {@r4}
 i - a scroll of enchant weapon {unknown}
 j - 7 scrolls of identify {unknown}
 o - a scroll of amnesia {unknown}
 p - 2 scrolls of noise {unknown}
 q - a scroll of holy word {unknown}
 r - 4 scrolls of blinking {unknown}
 y - a scroll of enchant armour {unknown}
 B - a scroll of summoning {unknown}
Potions
 f - 3 potions of brilliance
 t - 3 potions of degeneration {!q@e2}
 u - a potion of mutation {!q}
 w - 4 potions of flight {unknown}
 x - a potion of berserk rage {unknown}
 A - a potion of lignification {unknown}

Dungeon Overview and Level Annotations

Branches:
Dungeon (6/15)
 Temple: D:4-7

Altars:
Ashenzari
Elyvilon
Fedhas

Shops:
D:1 [ D:3

[ .......... ........#
........# o.....###
yy......# #o.......
##{oy..... ###.@yn.....
#.#.yo........
##.ยง.ยง..........
#.$..............
#.................
###...................
#####..##..............
#................. ....
#...............##.....


You could see a necrophage, 5 killer bees and 4 orcs.


Message History

๐Ÿ˜• HP[-8]
You take 8 damage, and now have 65/73 hp.
You are too injured to fight recklessly!
You are too injured to fight recklessly!
You are too injured to fight recklessly!
You are too injured to fight recklessly!
You are too injured to fight recklessly!
You are too injured to fight recklessly!
You are too injured to fight recklessly!
You are too injured to fight recklessly!
You are too injured to fight recklessly!
You are too injured to fight recklessly!
You are too injured to fight recklessly!
You are too injured to fight recklessly!
You are too injured to fight recklessly!
You are too injured to fight recklessly!
You are too injured to fight recklessly!
You are too injured to fight recklessly!
You are too injured to fight recklessly!
Unknown command.
You closely miss something.
Your +6 glaive of Fee Simple {spect, Dex+3, polearm} barely misses something.
A killer bee comes into view.
Something hits you. ๐Ÿ˜• HP[-3]
You take 3 damage, and now have 62/73 hp.
You closely miss the orc. You bite the orc, but do no damage.
Your +6 glaive of Fee Simple {spect, Dex+3, polearm} hits the orc from afar!
You kill the orc!
A killer bee comes into view.
The orc misses you. Something hits you.
A killer bee comes into view.
You block the killer bee's attack.
An orc comes into view. It is wielding a +0 club.
The orc hits you with a +0 club. The orc hits you with a +0 flail.
Something hits you but does no damage.
A killer bee comes into view. ๐Ÿ˜ฎ HP[-10]
You take 10 damage, and now have 52/73 hp.
The killer bee buzzes angrily.
You hit the killer bee.
Your +6 glaive of Fee Simple {spect, Dex+3, polearm} hits the killer bee from afar!
You hear a shout!
The orc closely misses you. The orc hits you with a +0 club.
Something hits you.
The killer bee stings your +6 glaive of Fee Simple {spect, Dex+3, polearm}.
Your spectral weapon shares its damage with you!
The killer bee closely misses your +6 glaive of Fee Simple {spect, Dex+3, polearm}.
The killer bee stings you but does no damage.
Something hits you. The orc barely misses you.
The orc hits you with a +0 flail. ๐Ÿ˜ฎ HP[-15]
You take 15 damage, and now have 37/73 hp.
MASSIVE DAMAGE!! (PAUSE)
As you read the scroll of teleportation {@r4}, it crumbles to dust.
You feel strangely unstable. The killer bee barely misses you.
The killer bee stings you but does no damage.
You block the killer bee's attack. The killer bee barely misses you.
The orc hits you with a +0 club.
* * * LOW HITPOINT WARNING * * *
Something hits you.
* * * LOW HITPOINT WARNING * * *
The orc barely misses you.
An orc warrior comes into view.
It is wielding a +0 dire flail. ๐Ÿ˜จ HP[-3]
You take 3 damage, and now have 34/73 hp.
Unknown command.
It was a potion of degeneration.
There was something very wrong with that liquid.
You feel weakened.
You feel dopey.
You feel clumsy. The killer bee completely misses you.
The killer bee stings you!
* * * LOW HITPOINT WARNING * * *
You are poisoned.
The killer bee poisons you! The killer bee barely misses you.
The killer bee closely misses you. You block the orc's attack.
Something hits you.
* * * LOW HITPOINT WARNING * * *
The orc closely misses you. ๐Ÿ˜จ HP[-10]
You take 10 damage, and now have 24/73 hp.
Unknown command.
You feel better. The killer bee closely misses you. The killer bee stings you!
* * * LOW HITPOINT WARNING * * *
You are poisoned.
The killer bee poisons you! The killer bee barely misses you. x2
The orc closely misses you.
You hear some strange, mumbled words.
A puff of flame appears from out of thin air!
The puff of flame hits you!
* * * LOW HITPOINT WARNING * * *
The orc hits you with a +0 flail.
* * * LOW HITPOINT WARNING * * *
๐Ÿ˜ฑ HP[-20]
You take 20 damage, and now have 4/73 hp.
MASSIVE DAMAGE!! (PAUSE)
You feel better. The killer bee closely misses you. The killer bee stings you.
* * * LOW HITPOINT WARNING * * *
The killer bee misses you. The killer bee stings you!
You die...

Skill      XL: |  1  2  3  4  5  6  7  8 |
---------------+-------------------------+-----
Short Blades   | 1 2 3 |  3.5
Long Blades    | 1 2 3 |  3.5
Axes           | 1 2 3 |  3.5
Maces & Flails | 1 2 3 |  3.5
Polearms       | 1 2 3 |  3.5
Staves         | 1 2 3 |  3.5
Slings         | 1 2 3 |  3.5
Bows           | 1 2 3 |  3.5
Crossbows      | 1 2 3 |  3.5
Dodging        | 1 2 3 |  3.5
Stealth        | 1 2 3 |  3.5
Shields        | 1 2 3 |  3.5
Unarmed Combat | 1 2 3 |  3.5
Invocations    | 1 2 3 |  3.9
Evocations     | 1 2 3 |  3.5
Spellcasting   | 3 4 |  4.5
Conjurations   | 1 2 |  2.9
Hexes          | 1 2 |  2.9
Summonings     | 1 2 |  2.9
Necromancy     | 1 2 |  2.9
Translocations | 1 2 |  2.9
Transmutations | 1 2 |  2.9
Ice Magic      | 1 2 |  2.9
Air Magic      | 1 2 |  2.9
Earth Magic    | 1 2 |  2.9
Poison Magic   | 1 2 |  2.9
Throwing       | 3 4 |  4.4
Armour         | 3 4 |  4.4
Fighting       | 7 |  7.5
Fire Magic     | |  7.7

Action                   |  1- 3 |  4- 6 |  7- 9 || total
-------------------------+-------+-------+-------++-------
Melee: Dagger            |     8 |     3 |       ||    11
       Bite              |     4 |     1 |     2 ||     7
       Punch             |     1 |       |       ||     1
       Glaive            |       |    44 |    48 ||    92
 Cast: Foxfire           |    56 |    12 |    15 ||    83
  Use: Potion            |     2 |       |     5 ||     7
       Scroll            |       |       |     1 ||     1
 Stab: Sleeping          |       |     7 |     5 ||    12
       Distracted        |       |     1 |     2 ||     3
Armor: Robe              |     3 |     3 |     3 ||     9
Dodge: Dodged            |    16 |     4 |    41 ||    61
Block: Other             |     6 |     3 |    15 ||    24

Levels and vault maps discovered:
D:1:      wheals_arrival_linesprint, layout_rooms, serial_shops,
          nicolae_shop_crystal, supply_closet_lemuel, serial_bayou_crossing
D:2:      layout_basic, chequers_ecumenical_altar_island, basic_altar,
          kennysheep_crisscross
D:3:      layout_rooms, serial_shops, nicolae_shop_waterfront, serial_curves,
          eino_curves_02, eino_curves_02, uniq_ijyb
D:4:      layout_gridville, elyvilon_altar_3, hangedman_decor_diamond_cutter,
          lightli_minifort
D:5:      layout_gridville, uniq_sigmund
D:6:      layout_cave_pools, fedhas_altar_2, minmay_temple_entry_offerings,
          uniq_maggie

Notes
Turn   | Place    | Note
-------+----------+-------------------------------------------
     0 | D:1      | spaghetti the Gnoll Wanderer began the quest for the Orb.
     0 | D:1      | spaghetti set off with the following items: a +0 dagger
                  | {short}, a scroll of teleportation {@r4}, a potion of heal
                  | wounds {@q2}, a +0 robe, a potion of mutation {!q}; and the
                  | following spell memorised: Foxfire; and the following
                  | spells available to memorise: Conjure Flame, Ignite Poison
     0 | D:1      | Reached XP level 1. HP: 23/23 MP: 4/4
     0 | D:1      | magus.rc [v1.9.6]
   217 | D:1      | magus.rc [v1.9.6]
   352 | D:1      | Reached XP level 2. HP: 29/29 MP: 1/5
   994 | D:1      | Found Ewe Ulastroapn's Armour Shop.
  1006 | D:1      | Reached XP level 3. HP: 35/35 MP: 1/7
  1334 | D:2      | Found a broken altar of Ashenzari.
  1345 | D:2      | Gained mutation: You are robust. (+10% HP) [potion of
                  | mutation]
  1345 | D:2      | Gained mutation: Your spells are a little harder to cast,
                  | but a little more powerful. [potion of mutation]
  1354 | D:2      | Reached skill level 1 in Short Blades
  1354 | D:2      | Reached skill level 1 in Long Blades
  1354 | D:2      | Reached skill level 1 in Axes
  1354 | D:2      | Reached skill level 1 in Maces & Flails
  1354 | D:2      | Reached skill level 1 in Polearms
  1354 | D:2      | Reached skill level 1 in Staves
  1354 | D:2      | Reached skill level 1 in Slings
  1354 | D:2      | Reached skill level 1 in Bows
  1354 | D:2      | Reached skill level 1 in Crossbows
  1354 | D:2      | Reached skill level 1 in Dodging
  1354 | D:2      | Reached skill level 1 in Stealth
  1354 | D:2      | Reached skill level 1 in Shields
  1354 | D:2      | Reached skill level 1 in Unarmed Combat
  1354 | D:2      | Reached skill level 1 in Invocations
  1354 | D:2      | Reached skill level 1 in Evocations
  1354 | D:2      | Reached XP level 4. HP: 27/45 MP: 0/8
  1480 | D:2      | You pick up a book of the Wilderness and begin reading...
  1480 | D:2      | You add the spells Summon Forest, Summon Mana Viper and
                  | Summon Cactus Giant to your library.
  1615 | D:2      | Reached skill level 3 in Spellcasting
  1669 | D:2      | Identified the +6 glaive of Fee Simple {spect, Dex+3}
  1813 | D:2      | Found a faded altar of an unknown god.
  1882 | D:2      | Reached skill level 1 in Conjurations
  1882 | D:2      | Reached skill level 1 in Hexes
  1882 | D:2      | Reached skill level 1 in Summonings
  1882 | D:2      | Reached skill level 1 in Necromancy
  1882 | D:2      | Reached skill level 1 in Translocations
  1882 | D:2      | Reached skill level 1 in Transmutations
  1882 | D:2      | Reached skill level 1 in Ice Magic
  1882 | D:2      | Reached skill level 1 in Air Magic
  1882 | D:2      | Reached skill level 1 in Earth Magic
  1882 | D:2      | Reached skill level 1 in Poison Magic
  2028 | D:3      | Found Qieq's Antique Armour Boutique.
  2143 | D:3      | Noticed a scorpion
  2147 | D:3      | Killed a scorpion
  2148 | D:3      | Reached skill level 3 in Throwing
  2148 | D:3      | Reached skill level 3 in Armour
  2148 | D:3      | Reached XP level 5. HP: 51/51 MP: 9/9
  2185 | D:3      | Noticed Ijyb
  2189 | D:3      | Killed Ijyb
  2281 | D:3      | You pick up a book of Lightning and begin reading...
  2281 | D:3      | You add the spells Static Discharge, Lightning Bolt and
                  | Maxwell's Capacitive Coupling to your library.
  2313 | D:3      | Reached skill level 2 in Invocations
  2313 | D:3      | Reached XP level 6. HP: 57/58 MP: 10/10
  2583 | D:4      | Noticed a black bear
  2585 | D:4      | Killed a black bear
  2586 | D:4      | Reached skill level 2 in Short Blades
  2586 | D:4      | Reached skill level 2 in Long Blades
  2586 | D:4      | Reached skill level 2 in Axes
  2586 | D:4      | Reached skill level 2 in Maces & Flails
  2586 | D:4      | Reached skill level 2 in Polearms
  2586 | D:4      | Reached skill level 2 in Staves
  2586 | D:4      | Reached skill level 2 in Slings
  2586 | D:4      | Reached skill level 2 in Bows
  2586 | D:4      | Reached skill level 2 in Crossbows
  2586 | D:4      | Reached skill level 2 in Dodging
  2586 | D:4      | Reached skill level 2 in Stealth
  2586 | D:4      | Reached skill level 2 in Shields
  2586 | D:4      | Reached skill level 2 in Unarmed Combat
  2586 | D:4      | Reached skill level 2 in Evocations
  2884 | D:4      | Reached XP level 7. HP: 64/64 MP: 12/12
  2923 | D:4      | Reached skill level 7 in Fighting
  3254 | D:4      | Found a white marble altar of Elyvilon.
  3448 | D:5      | Entered Level 5 of the Dungeon
  3463 | D:5      | Reached skill level 2 in Conjurations
  3463 | D:5      | Reached skill level 2 in Hexes
  3463 | D:5      | Reached skill level 2 in Summonings
  3463 | D:5      | Reached skill level 2 in Necromancy
  3463 | D:5      | Reached skill level 2 in Translocations
  3463 | D:5      | Reached skill level 2 in Transmutations
  3463 | D:5      | Reached skill level 2 in Ice Magic
  3463 | D:5      | Reached skill level 2 in Air Magic
  3463 | D:5      | Reached skill level 2 in Earth Magic
  3463 | D:5      | Reached skill level 2 in Poison Magic
  3767 | D:5      | Reached skill level 4 in Spellcasting
  3767 | D:5      | Reached skill level 3 in Invocations
  3886 | D:5      | Reached XP level 8. HP: 73/73 MP: 14/14
  3892 | D:5      | Noticed Sigmund
  3895 | D:5      | Killed Sigmund
  3896 | D:5      | Reached skill level 3 in Short Blades
  3896 | D:5      | Reached skill level 3 in Long Blades
  3896 | D:5      | Reached skill level 3 in Axes
  3896 | D:5      | Reached skill level 3 in Maces & Flails
  3896 | D:5      | Reached skill level 3 in Polearms
  3896 | D:5      | Reached skill level 3 in Staves
  3896 | D:5      | Reached skill level 3 in Slings
  3896 | D:5      | Reached skill level 3 in Bows
  3896 | D:5      | Reached skill level 3 in Crossbows
  3896 | D:5      | Reached skill level 4 in Throwing
  3896 | D:5      | Reached skill level 4 in Armour
  3896 | D:5      | Reached skill level 3 in Dodging
  3896 | D:5      | Reached skill level 3 in Stealth
  3896 | D:5      | Reached skill level 3 in Shields
  3896 | D:5      | Reached skill level 3 in Unarmed Combat
  3896 | D:5      | Reached skill level 3 in Evocations
  4270 | D:6      | Found a blossoming altar of Fedhas.
  4283 | D:6      | HP: 8/67 [wight/+4 flail (12)]
  4872 | D:6      | HP: 9/73 [something/puff of flame (13)]
  4872 | D:6      | HP: 4/73 [orc/+0 flail (5)]
  4873 | D:6      | Slain by a killer bee

Vanquished Creatures
  Sigmund (D:5)
  A black bear (D:4)
  An ice beast (D:5)
  2 ogres (D:5)
  A kobold brigand (D:6)
  A phantom (D:6)
  3 scorpions
  A gnoll sergeant (D:4)
  4 wights (D:6)
  2 jellies
  A hound (D:2)
  Ijyb (D:3)
  2 orc wizards
  3 gnolls (D:4)
  4 adders
  3 ufetubi
  2 worms (D:3)
  A dart slug (D:1)
  10 orcs
  4 ball pythons
  2 bats
  8 endoplasms
  A giant cockroach (D:1)
  8 goblins
  7 hobgoblins
  8 jackals
  4 quokkas
  5 frilled lizards
  5 kobolds
  8 rats
104 creatures vanquished.

Vanquished Creatures (others)
  143 foxfires
143 creatures vanquished.

Grand Total: 247 creatures vanquished

Table legend:
 A = Non-vault XP
 B = Vault XP
 C = Vault XP percentage of total XP
 D = Non-vault monster count
 E = Vault monster count
 F = Vault count percentage of total count
                 A         B        C        D         E       F
            +---------+---------+-------+---------+---------+-------
      Total |    1676 |     371 |  18.1 |      98 |       6 |   5.8
            +---------+---------+-------+---------+---------+-------
        D:1 |      35 |       0 |   0.0 |      21 |       0 |   0.0
        D:2 |     100 |       0 |   0.0 |      21 |       0 |   0.0
        D:3 |     161 |      36 |  18.3 |      18 |       1 |   5.3
        D:4 |     304 |     121 |  28.5 |      14 |       4 |  22.2
        D:5 |     523 |     214 |  29.0 |       9 |       1 |  10.0
        D:6 |     553 |       0 |   0.0 |      15 |       0 |   0.0
            +---------+---------+-------+---------+---------+-------

Illustrated notes

Table legend:
 A = Kills in this place as a percentage of kills in entire the game.
 B = Kills by you in this place as a percentage of kills by you in the entire game.
 C = Kills by friends in this place as a percentage of kills by friends in the entire game.
 D = Other kills in this place as a percentage of other kills in the entire game.
 E = Experience gained in this place as a percentage of experience gained in the entire game.
 F = Experience gained in this place divided by the number of levels of this place that you have seen.
                   A       B       C       D       E      F
               +-------+-------+-------+-------+-------+----------------------
         Total | 100.0 | 100.0 |   N/A |   N/A | 100.0 | 341.2
       Dungeon | 100.0 | 100.0 |   N/A |   N/A | 100.0 | 341.2
               +-------+-------+-------+-------+-------+----------------------

Table legend: (Time is in decaauts)
 A = Elapsed time spent in this place.
 B = Non-inter-level travel time spent in this place.
 C = Inter-level travel time spent in this place.
 D = Time resting spent in this place.
 E = Time spent auto-exploring this place.
 F = Levels seen in this place.
 G = Mean time per level.
                   A        B        C        D        E       F      G
               +--------+--------+--------+--------+--------+-----+--------+
         Total |   4951 |   4783 |    168 |    720 |   3478 |   6 |  825.2 |
       Dungeon |   4951 |   4783 |    168 |    720 |   3478 |   6 |  825.2 |
               +--------+--------+--------+--------+--------+-----+--------+

Top non-repeatable levels by time:
     D:1: 1300 daAuts
     D:4: 927 daAuts
     D:5: 825 daAuts
     D:2: 658 daAuts
     D:6: 633 daAuts
     D:3: 607 daAuts
